 Dungeon Crawl Stone Soup version 0.24-a0-784-g601f8f6d22 (webtiles) character file.

Game seed: 10382011627873857464, levelgen mode: deterministic

69 MisterFreud the Changer (level 4, -7/28 HPs)
             Began as an Octopode Transmuter on Oct 9, 2019.
             Mangled by an iguana (12 damage)
             ... on level 4 of the Dungeon.
             The game lasted 00:03:55 (2488 turns).

MisterFreud the Changer (Octopode Transmuter)       Turns: 2488, Time: 00:03:55

Health: -7/28      AC:  2    Str:  9    XL:     4   Next: 20%
Magic:  5/8        EV: 20    Int: 16    God:
Gold:   88         SH:  0    Dex: 20    Spells: 2/8 levels left

rFire    . . .     SeeInvis .     - Unarmed
rCold    . . .     Gourm    .   (shield currently unavailable)
rNeg     . . .     Faith    .   (helmet currently unavailable)
rPois    x         Spirit   .   (no amulet)
rElec    .         Reflect  .   j - +3 ring of dexterity
rCorr    .         Harm     .   (no ring)
MR       .....                  (no ring)
Stlth    ++........             (no ring)
HPRegen  0.09/turn              (no ring)
MPRegen  0.11/turn              (no ring)
                                (no ring)
                                (no ring)

@: spider-form
A: tiny, almost no armour, stealthy swim, (amphibious), 8 rings, (constrict 8)
a: End Transformation


You were on level 4 of the Dungeon.
You were not hungry.
You were a venomous arachnid creature.
You visited 1 branch of the dungeon, and saw 5 of its levels.

You collected 88 gold pieces.

Inventory:

Missiles
 a - 12 arrows
 b - 118 stones (quivered)
 l - 34 sling bullets
 m - 20 bolts
Jewellery
 j - a +3 ring of dexterity (left front leg)
Wands
 n - a wand of iceblast (7)
Scrolls
 f - a scroll of remove curse
 g - 3 scrolls of identify
 h - 3 scrolls of amnesia
 i - 3 scrolls of teleportation
Potions
 d - a potion of heal wounds
 k - a potion of haste
 q - 2 potions of brilliance
Comestibles
 c - 6 rations
 r - 8 chunks of flesh


   Skills:
 - Level 1.0 Fighting
 - Level 2.0 Dodging
 - Level 3.0 Unarmed Combat
 + Level 2.8 Spellcasting
 * Level 3.7 Transmutations


You had 2 spell levels left.
You knew the following spells:

 Your Spells              Type           Power        Failure   Level  Hunger
a - Beastly Appendage     Tmut           ##....       13%         1    #......
b - Sticks to Snakes      Tmut           ##......     17%         2    ##.....
c - Spider Form           Tmut/Pois      #.........   47%         3    ###....

Your spell library contained the following spells:

 Spells                   Type           Power        Failure   Level  Hunger
 Ice Form                 Ice/Tmut       #.......     83%         4    #####..
 Blade Hands              Tmut           ##........   89%         5    ######.


Dungeon Overview and Level Annotations

Branches:
Dungeon (5/15)
 Temple: D:4-7

Altars:
Fedhas
Makhleb
Okawaru


Innate Abilities, Weirdness & Mutations

You cannot wear most types of armour.
You are very stealthy in the water. (Stealth+)
((You are amphibious.))
You can wear up to eight rings at the same time.
((You can use your tentacles to constrict eight enemies at once.))
((Your skin changes colour to match your surroundings (Stealth+).))
((Your rubbery body absorbs attacks. (AC +1, EV +1)))


Message History

There is a stone staircase leading down here.
There is a stone staircase leading down here.
There is a stone staircase leading down here.
There is a stone staircase leading down here.
Casting: Beastly Appendage (safe; 4% risk of failure)
Confirm with . or Enter, or press ? or * to list all spells.
You turn into a venomous arachnid creature.
The ogre misses you.
You barely miss the ogre. You hit the ogre.
The ogre is poisoned.
The ogre is moderately wounded.
The ogre hits you with a +0 giant club!
You bite the ogre!
The ogre is heavily wounded.
The ogre hits you with a +0 giant club!
* * * LOW HITPOINT WARNING * * *
An iguana comes into view.
The iguana hisses angrily.
The ogre looks more healthy.
The iguana bites you!
You die...

#..# #..# ##..##
#....# #.##.#
#.##.# #.##.#
#.##.#
#.##s#####
#....l...####...
####O#..........
#.#>#.#####..
#.#>#.....%..
#.#.#########
#...# ##..# #..#


You could see an ogre and an iguana.

Vanquished Creatures
  2 adders
  4 dart slugs
  A leopard gecko (D:2)
  2 orcs
  A ball python (D:2)
  3 giant cockroaches
  2 goblins (D:1)
  7 hobgoblins
  2 jackals (D:3)
  2 kobolds (D:2)
  A quokka (D:3)
  6 bats
  2 frilled lizards
  6 rats
41 creatures vanquished.

Notes
Turn   | Place    | Note
-------+----------+-------------------------------------------
     0 | D:1      | MisterFreud the Octopode Transmuter began the quest for the
                  | Orb.
     0 | D:1      | Reached XP level 1. HP: 13/13 MP: 3/3
   280 | D:1      | Reached XP level 2. HP: 12/18 MP: 5/5
  1333 | D:2      | Reached XP level 3. HP: 15/23 MP: 4/6
  2251 | D:3      | Learned a level 2 spell: Sticks to Snakes
  2255 | D:3      | Learned a level 3 spell: Spider Form
  2361 | D:3      | Reached XP level 4. HP: 19/28 MP: 8/8
  2366 | D:3      | You fall into a shaft and drop 1 floor!
  2382 | D:4      | Found a blossoming altar of Fedhas.
  2382 | D:4      | Found an iron altar of Okawaru.
  2382 | D:4      | Found a burning altar of Makhleb.
  2404 | D:4      | Noticed an ogre
  2410 | D:5      | Entered Level 5 of the Dungeon
  2444 | D:5      | Noticed an ice beast
  2488 | D:4      | Mangled by an iguana

Levels and vault maps discovered:
D:1:      minmay_arrival_shattered_statue, layout_basic
D:2:      layout_loops_ring
D:3:      layout_loops_ring, nicolae_ashenzari_panopticon, elyvilon_altar_3,
          first_ration, uniq_sigmund
D:4:      layout_loops_ring, gammafunk_temple_overflow_forgotten,
          minmay_temple_entry_ruins, serial_shops, kennysheep_little_box,
          portal_sewer_entry_b, uniq_natasha
D:5:      cheibrodos_helix_gallery, layout_loops_ring

Skill      XL: |  1  2 |
---------------+-------+-----
Transmutations | 3 |  3.7
Fighting       | |  1.0
Dodging        | |  2.0
Unarmed Combat | |  3.0
Spellcasting   | |  2.8

Action                   |  1- 3 |  4- 6 || total
-------------------------+-------+-------++-------
Melee: Unarmed           |    98 |     8 ||   106
       Constrict         |    23 |     2 ||    25
       Tentacles         |    14 |     2 ||    16
       Kick              |     7 |     1 ||     8
       Punch             |     2 |       ||     2
 Cast: Beastly Appendage |     7 |     1 ||     8
       Spider Form       |     1 |     1 ||     2
  Use: Scroll            |       |     9 ||     9
 Stab: Sleeping          |     9 |       ||     9
  Eat: Chunk             |     5 |       ||     5
Armor: Skin              |     8 |       ||     8
Dodge: Dodged            |    67 |     3 ||    70

Table legend:
 A = Non-vault XP
 B = Vault XP
 C = Vault XP percentage of total XP
 D = Non-vault monster count
 E = Vault monster count
 F = Vault count percentage of total count
                 A         B        C        D         E       F
            +---------+---------+-------+---------+---------+-------
      Total |      99 |       0 |   0.0 |      41 |       0 |   0.0
            +---------+---------+-------+---------+---------+-------
        D:1 |      13 |       0 |   0.0 |       8 |       0 |   0.0
        D:2 |      47 |       0 |   0.0 |      20 |       0 |   0.0
        D:3 |      23 |       0 |   0.0 |      11 |       0 |   0.0
        D:4 |      13 |       0 |   0.0 |       1 |       0 |   0.0
        D:5 |       3 |       0 |   0.0 |       1 |       0 |   0.0
            +---------+---------+-------+---------+---------+-------
